 Dungeon Crawl Stone Soup version 0.31-a0-1530-g330b8c2 (webtiles) character file.

Game seed: 15028667315100166053

33801 Geeful the Fighter (level 13, 0/108 HPs)
             Began as a Demonspawn Gladiator on Dec 6, 2023.
             Was a High Priest of Wu Jian.
             Slain by a death yak (14 damage)
             ... on level 4 of the Lair of Beasts on Dec 31, 2023.
             The game lasted 00:56:02 (16567 turns).

Geeful the Fighter (Demonspawn Gladiator)          Turns: 16567, Time: 00:56:03

Health: 0/108      AC: 23    Str: 26    XL:     13   Next: 38%
Magic:  13/13      EV: 18    Int:  8    God:    Wu Jian [*****.]
Gold:   1422       SH:  0    Dex: 20    Spells: 12/12 levels left

rFire   . . .        y - +3 scimitar (flame)
rCold   . . .        (no shield)
rNeg    + . .        J - +3 plate armour {rN+}
rPois   +            c - +0 helmet
rElec   .            s - +0 cloak
rCorr   .            z - +2 pair of gloves
SInv    .            o - +0 pair of boots
Will    .....        f - amulet of the acrobat Stlth
                     l - +5 ring of evasion
HPRegen 0.38/turn    F - ring "Xogoe" {*Corrode Str+5 Dex+6}
MPRegen 0.13/turn

%: corrode self (3%), acrobat
@: confused, mighty, ambrosia-drunk, corroded
A: slimy green scales 3, foul stench 1, powered by death 1, weakness stinger 1
a: Renounce Religion, Wall Jump, Serpent's Lash, Heavenly Storm


You were on level 4 of the Lair of Beasts.
You worshipped Wu Jian.
Wu Jian was extremely pleased with you.
You visited 4 branches of the dungeon, and saw 18 of its levels.

You collected 1422 gold pieces.

Inventory:

Hand Weapons
 a - a +1 long sword of freezing
 y - a +3 scimitar of flaming (weapon)
 I - the +8 flail of the Forgotten Stars {elec, rF- rC+ Dex+3}
   (You found it on level 8 of the Dungeon)

   Dex+3:     It affects your dexterity (+3).
   rF-:       It makes you vulnerable to fire.
   rC+:       It protects you from cold.
Missiles
 w - 11 curare-tipped darts
 G - 2 throwing nets
 H - a javelin
Armour
 c - a +0 helmet (worn)
 o - a +0 pair of boots (worn)
 s - a +0 cloak (worn)
 z - a +2 pair of gloves (worn)
 J - a +3 plate armour of positive energy (worn)
Jewellery
 e - a ring of fire
 f - an amulet of the acrobat (around neck)
 l - a +5 ring of evasion (left hand)
 n - an amulet of magic regeneration
 u - a ring of flight
 B - an amulet of regeneration
 F - the ring "Xogoe" (right hand) {*Corrode Str+5 Dex+6}
   (You found it on level 8 of the Dungeon)

   [ring of dexterity]

   Str+5:     It affects your strength (+5).
   Dex+6:     It affects your dexterity (+6).
   *Corrode:  It may corrode you when you take damage.
 M - a ring of protection from cold
 O - a +6 ring of intelligence
Wands
 m - a wand of flame (44)
 E - a wand of charming (6)
 L - a wand of polymorph (6)
Scrolls
 d - a scroll of enchant armour
 g - 3 scrolls of blinking
 i - 5 scrolls of teleportation
 j - 3 scrolls of fog
 k - 4 scrolls of poison
 t - a scroll of immolation
 C - 3 scrolls of amnesia
 K - 4 scrolls of identify
Potions
 b - 4 potions of curing
 h - 2 potions of brilliance
 p - a potion of lignification {unknown}
 q - 5 potions of attraction
 r - a potion of resistance
 v - 2 potions of mutation
 A - 2 potions of haste
 N - a potion of degeneration {unknown}


   Skills:
 + Level 12.0 Fighting
 + Level 11.1 Long Blades
 - Level 7.6 Throwing
 + Level 7.8 Armour
 + Level 11.1 Dodging


You had 12 spell levels left.
You didn't know any spells.
Your spell library contained the following spells:

 Spells                   Type           Power      Damage    Failure   Level
 Sandblast                Erth           0%         2d4       99%         1
 Blink                    Tloc           0%         N/A       100%        2
 Ensorcelled Hibernation  Hex/Ice        0%         N/A       100%        2
 Lesser Beckoning         Tloc           0%         N/A       100%        2
 Momentum Strike          Conj/Tloc      0%         3d8       100%        2
 Scorch                   Fire           0%         2d5       100%        2
 Passwall                 Erth           0%         N/A       100%        3
 Stone Arrow              Conj/Erth      0%         3d7       100%        3
 Swiftness                Air            0%         N/A       100%        3
 Animate Armour           Summ/Erth      0%         N/A       100%        4
 Brom's Barrelling Bould  Conj/Erth      0%         2d3       100%        4
 Flame Wave               Conj/Fire      0%         2d4       100%        4
 Summon Blazeheart Golem  Fire/Summ      0%         N/A       100%        4
 Summon Cactus Giant      Summ           0%         N/A       100%        6
 Monstrous Menagerie      Summ           0%         N/A       100%        7
 Orb of Destruction       Conj           0%         9d5       100%        7
 Spellforged Servitor     Conj/Summ      0%         N/A       100%        7
 Lehudib's Crystal Spear  Conj/Erth      0%         10d2      100%        8


Dungeon Overview and Level Annotations

Branches:
Dungeon (11/15)            Temple (1/1) D:7            Lair (4/5) D:11
 Shoals (0/4) Lair:3        Snake (0/4) Lair:3        Slime (0/5) Lair:4
    Orc (2/2) D:10            Elf (0/3) Orc:2

Altars:
Ashenzari
Cheibriados
Dithmenos
Fedhas
Gozag
Hepliaklqana
Kikubaaqudgha
Makhleb
Nemelex Xobeh
Okawaru
Qazlal
Ru
Sif Muna
Trog
Uskayaw
Vehumet
Wu Jian
Xom
Yredelemnul
Jiyva

Shops:
D:8 (   D:10 *

Annotations:
D:4 exclusion: downstairs
D:5 exclusion: downstairs
D:9 exclusion: orange crystal statue
D:10 2 runed translucent doors, exclusion: downstairs
Orc:2 Josephine, Saint Roka


Innate Abilities, Weirdness & Mutations

You are completely covered in slimy green scales. (AC +4, rPois)
You may rarely emit foul miasma when damaged in melee.
You regenerate a little health from kills.
You have a small tail.


Message History

The death yak gores you!
You spin and attack the death yak.
You hit the death yak. You burn the death yak.
You tail-slap the death yak, but do no damage.
The death yak is heavily wounded.
You spin and attack the death yak.
You slash the death yak! You burn the death yak.
The death yak is heavily wounded.
The death yak gores you. The death yak completely misses you.
You spin and attack the death yak.
You hit the death yak. You burn the death yak.
You tail-slap the death yak, but do no damage.
The death yak is heavily wounded.
The death yak gores you.
You spin and attack the death yak.
You barely miss the death yak.
The death yak is heavily wounded.
You spin and attack the death yak.
You completely miss the death yak.
The death yak is heavily wounded.
The death yak gores you!
The death yak gores you but does no damage.
You spin and attack the death yak.
You barely miss the death yak.
The death yak is heavily wounded.
The death yak closely misses you.
You spin and attack the death yak repeatedly.
You completely miss the death yak.
The death yak is heavily wounded.
You hit the death yak but do no damage.
The death yak is heavily wounded.
The death yak gores you!
* * * LOW HITPOINT WARNING * * *
Your corrosive artefact corrodes you!
The death yak gores you but does no damage.
You feel very mighty all of a sudden. The death yak barely misses you.
The death yak gores you!
* * * LOW HITPOINT WARNING * * *
The death yak gores you.
* * * LOW HITPOINT WARNING * * *
You are confused.
You feel invigorated. The death yak gores you!
You die...

............................
............................
............................
........$......P....P.......
.......$.......P....#.......
...............#............
............................
............Y..###..........
...........@Y..##...#.......
.........P..Y...............
..........P......#..#.......
..............#...........
..........................
................... .....#
................... ....
.................. ...
............... ..


You could see 3 death yaks.

Vanquished Creatures
  2 hydras
  3 boulder beetles
  3 two-headed ogres
  Erica (D:9)
  A death yak (Lair:4)
  Sonja (Lair:4)
  2 harpies (Lair:3)
  A necromancer (Lair:2)
  A deep elf pyromancer (D:10)
  A manticore (D:9)
  12 elephants (Lair:4)
  4 gargoyles
  A rime drake (Lair:3)
  7 cane toads
  3 komodo dragons
  A kobold demonologist (D:9)
  An efreet (D:8)
  2 trolls
  A polar bear (Lair:3)
  Grinder (D:3)
  7 blink frogs
  A shadow (D:11)
  2 wyverns
  21 yaks
  3 steam dragons
  2 basilisks (Lair:3)
  A vampire mosquito (D:8)
  2 nagas (Lair:3)
  An acid dragon (D:8)
  10 water moccasins
  A sky beast (D:10)
  3 ice beasts
  11 orc warriors
  3 black bears
  7 ogres
  11 wolves
  6 centaurs
  3 phantoms
  3 kobold brigands
  Blork the orc (D:6)
  14 bullfrogs
  5 gnoll sergeants
  A scorpion (D:6)
  4 wights
  16 killer bees
  6 howler monkeys
  7 crimson imps (D:7)
  13 jellies
  3 gnoll boudas
  7 orc priests
  2 sleepcaps
  2 hounds
  5 iguanas
  13 orc wizards
  A polar bear simulacrum (Lair:2)
  4 yak simulacra (Lair:2)
  2 wolf simulacra (Lair:2)
  17 gnolls
  7 adders
  2 shadow imps
  5 white imps
  4 ufetubi (D:6)
  A dart slug (D:1)
  59 orcs
  10 ball pythons
  2 bats
  12 endoplasms
  8 giant cockroaches
  6 goblins
  7 hobgoblins
  3 jackals (D:5)
  A quokka (D:5)
  6 frilled lizards
  28 kobolds
  5 rats
  4 river rat simulacra (Lair:2)
  A butterfly (Lair:2)
441 creatures vanquished.

Vanquished Creatures (collateral kills)
  2 nagas (Lair:3)
2 creatures vanquished.

Vanquished Creatures (others)
  A rime drake (Lair:2)
  A bullfrog (D:8)
2 creatures vanquished.

Grand Total: 445 creatures vanquished

Notes
Turn   | Place    | Note
-------+----------+-------------------------------------------
     0 | D:1      | Geeful the Demonspawn Gladiator began the quest for the
                  | Orb.
     0 | D:1      | Reached XP level 1. HP: 16/16 MP: 1/1
   199 | D:1      | Gained mutation: You regenerate a little health from kills.
                  | [demonic ancestry]
   199 | D:1      | Reached XP level 2. HP: 21/22 MP: 2/2
   386 | D:1      | Reached XP level 3. HP: 28/28 MP: 3/3
  1160 | D:2      | Gained mutation: You are partially covered in slimy green
                  | scales. (AC +2) [demonic ancestry]
  1160 | D:2      | Reached XP level 4. HP: 13/34 MP: 4/4
  1502 | D:3      | Reached skill level 3 in Fighting
  1586 | D:3      | Reached XP level 5. HP: 39/41 MP: 5/5
  1644 | D:3      | Noticed Grinder
  1675 | D:3      | Killed Grinder
  1676 | D:3      | Reached XP level 6. HP: 44/48 MP: 6/6
  1801 | D:3      | Found a faded altar of an unknown god.
  2601 | D:4      | Reached skill level 4 in Fighting
  2842 | D:4      | Reached XP level 7. HP: 27/54 MP: 7/7
  3281 | D:5      | Entered Level 5 of the Dungeon
  4105 | D:5      | Reached skill level 5 in Fighting
  4279 | D:5      | Reached skill level 5 in Long Blades
  4283 | D:5      | Gained mutation: You are mostly covered in slimy green
                  | scales. (AC +3) [demonic ancestry]
  4283 | D:5      | Reached XP level 8. HP: 62/62 MP: 8/8
  4289 | D:5      | Reached skill level 5 in Dodging
  4895 | D:5      | Reached skill level 5 in Throwing
  5191 | D:6      | Noticed a two-headed ogre
  5486 | D:6      | Killed a two-headed ogre
  5487 | D:6      | Reached skill level 6 in Fighting
  5487 | D:6      | Gained mutation: You may rarely emit foul miasma when
                  | damaged in melee. [demonic ancestry]
  5487 | D:6      | Reached XP level 9. HP: 43/71 MP: 9/9
  5856 | D:6      | Noticed Blork the orc
  5862 | D:6      | Killed Blork the orc
  6505 | D:7      | Reached skill level 7 in Fighting
  6954 | D:7      | Found a staircase to the Ecumenical Temple.
  6983 | Temple   | Entered the Ecumenical Temple
  7024 | Temple   | Became a worshipper of the Wu Jian Council
  7347 | D:8      | Found an opulent altar of Gozag.
  7653 | D:8      | Noticed a two-headed ogre
  7673 | D:8      | Killed a two-headed ogre
  7674 | D:8      | Gained mutation: You are completely covered in slimy green
                  | scales. (AC +4, rPois) [demonic ancestry]
  7674 | D:8      | Reached XP level 10. HP: 9/80 MP: 10/10
  8103 | D:8      | Found Yqih's Weapon Shop.
  8341 | D:8      | Reached skill level 8 in Fighting
  8375 | D:8      | Identified the ring "Xogoe" {*Corrode Str+5 Dex+6}
  8377 | D:8      | Upgraded the game from 0.31-a0-1144-g99969ba to
                  | 0.31-a0-1321-g5021b54
  8743 | D:8      | Identified the +8 flail of the Forgotten Stars {elec, rF-
                  | rC+ Dex+3}
  9295 | D:9      | Reached * piety under Wu Jian
  9316 | D:9      | Noticed an orange crystal statue
  9555 | D:9      | Reached skill level 1 in Armour
  9566 | D:9      | Noticed a gargoyle
  9594 | D:9      | Killed a gargoyle
  9982 | D:9      | Noticed a manticore
 10002 | D:9      | Killed a manticore
 10038 | D:9      | Gained mutation: You have a small tail. [demonic ancestry]
 10038 | D:9      | Reached XP level 11. HP: 54/87 MP: 11/11
 10340 | D:9      | Noticed a two-headed ogre
 10358 | D:9      | Killed a two-headed ogre
 10359 | D:9      | Reached skill level 9 in Fighting
 10509 | D:9      | Noticed Erica
 10519 | D:9      | Killed Erica
 10874 | D:10     | Entered Level 10 of the Dungeon
 10980 | D:10     | Noticed a deep elf pyromancer
 10990 | D:10     | Killed a deep elf pyromancer
 11126 | D:10     | Found Zin's Purification Station.
 11199 | D:10     | Reached ** piety under Wu Jian
 11274 | D:10     | Found a staircase to the Orcish Mines.
 11324 | D:10     | Found a runed translucent door.
 11330 | D:10     | Noticed an ice dragon
 11333 | D:10     | Noticed a fire dragon
 11333 | D:10     | Found the +2 shield of Resistance {rF++ rC++ Will++}
 11333 | D:10     | Noticed a fire dragon
 11334 | D:10     | Noticed an ice dragon
 11345 | D:10     | Reached *** piety under Wu Jian
 11388 | D:10     | Found a runed translucent door.
 11778 | D:11     | Found a staircase to the Lair.
 12213 | D:11     | Noticed a skeletal warrior
 12256 | Orc:1    | Entered Level 1 of the Orcish Mines
 12315 | Orc:1    | Reached skill level 10 in Fighting
 12477 | Orc:2    | Entered Level 2 of the Orcish Mines
 12477 | Orc:2    | Noticed Josephine
 12477 | Orc:2    | Noticed Saint Roka
 12477 | Orc:2    | Found a staircase to the Elven Halls.
 12641 | D:10     | Upgraded the game from 0.31-a0-1321-g5021b54 to
                  | 0.31-a0-1530-g330b8c2
 12760 | Lair:1   | Entered Level 1 of the Lair of Beasts
 12764 | Lair:1   | Noticed a death yak
 12764 | Lair:1   | Noticed a death yak
 12778 | Lair:2   | Noticed a seven-headed hydra
 12792 | Lair:2   | Killed a one-headed hydra
 12841 | Lair:2   | Reached skill level 5 in Armour
 13010 | Lair:2   | Reached XP level 12. HP: 69/97 MP: 12/12
 13946 | Lair:2   | Noticed a boulder beetle
 13977 | Lair:2   | Killed a boulder beetle
 14048 | Lair:2   | Reached **** piety under Wu Jian
 14058 | Lair:2   | Reached skill level 10 in Long Blades
 14067 | Lair:2   | Reached skill level 10 in Dodging
 14288 | Lair:2   | Got Apnoita's Excursus on the Gathered Cwm
 14500 | Lair:3   | Noticed a six-headed hydra
 14509 | Lair:3   | Killed a two-headed hydra
 14588 | Lair:3   | Noticed a boulder beetle
 14603 | Lair:3   | Reached skill level 11 in Fighting
 14628 | Lair:3   | Killed a boulder beetle
 14970 | Lair:3   | Found a staircase to the Shoals.
 15252 | Lair:3   | Found a staircase to the Snake Pit.
 15777 | Lair:4   | Noticed Sonja
 15785 | Lair:4   | Reached XP level 13. HP: 95/106 MP: 13/13
 15813 | Lair:4   | Killed Sonja
 16126 | Lair:4   | Reached ***** piety under Wu Jian
 16378 | Lair:4   | Found a staircase to the Slime Pits.
 16378 | Lair:4   | Found a viscous altar of Jiyva.
 16559 | Lair:4   | Reached skill level 12 in Fighting
 16567 | Lair:4   | Slain by a death yak

Illustrated notes

Levels and vault maps discovered:
D:1:      dpeg_arrival_line_fractal, layout_loops_ring
D:2:      layout_loops_ring
D:3:      layout_basic, dreamdust_ecumenical_altar_statues, minivault_5,
          uniq_grinder
D:4:      layout_cave_pools
D:5:      layout_loops_corners, minmay_bent
D:6:      layout_layer_cave, uniq_blork_the_orc
D:7:      layout_loops_ring, minmay_temple_entry_overgrown, minmay_nine_imps
D:8:      kennysheep_windowed_halls, layout_basic, grunt_gozag_breadcrumbs,
          serial_shops, nicolae_shop_tiny_real_fake_doors
D:9:      layout_gridville, minivault_16, uniq_erica
D:10:     layout_gridville, zin_purify, david_orc_5, roderic_three_in_a_row,
          corexii_hall_statues_t, minmay_guarded_unrand_resistance
D:11:     layout_loops_ring, due_lair_maze_entry_diamond, serial_glass,
          glass_columns_c, glass_columns_a, glass_columns_c, glass_columns_a
Temple:   mainiacjoe_temple_big_plus
Lair:1:   layout_regular_city, uniq_urug
Lair:2:   layout_cave_pods, eino_house_with_fridge, lemuel_fruit_fields,
          infiniplex_staircase_pool_2, grunt_megastairs_3, serial_bayou_shore_b
Lair:3:   layout_misc_corridors, nicolae_shoals_entry_roost,
          minmay_snake_entry_guardpost_small, minmay_stone_trees_small,
          beast_lair_carwin_5
Lair:4:   layout_gridlike, minmay_slime_entry_jelly_boxes, serial_rivers,
          chequers_serial_rivers_marsh, chequers_serial_rivers_large_b,
          chequers_serial_rivers_small_a, chequers_serial_rivers_micro_e,
          uniq_sonja
Orc:1:    layout_diamond_mine, minmay_orc_treasury
Orc:2:    grunt_orc_gardens, layout_caves, grunt_orc_garden, grunt_orc_garden,
          grunt_orc_garden, grunt_orc_garden, uniq_josephine, uniq_saint_roka

Skill      XL: |  1  2  3  4  5  6  7  8  9 10 11 12 13 |
---------------+----------------------------------------+-----
Throwing       | 2 3 4 5 6 7 |  7.6
Long Blades    | 3 4 5 6 7 8 9 10 11 | 11.1
Dodging        | 3 4 6 7 8 9 10 11 | 11.1
Fighting       | 3 4 5 6 7 8 10 11 12 | 12.0
Armour         | 2 5 7 |  7.8

Action                     |  1- 3 |  4- 6 |  7- 9 | 10-12 | 13-15 || total
---------------------------+-------+-------+-------+-------+-------++-------
  Melee: Long sword        |   125 |   170 |   480 |   258 |       ||  1033
         Punch             |       |     5 |     5 |    23 |     2 ||    35
         Scimitar          |       |       |       |   882 |   208 ||  1090
         Tailslap          |       |       |       |   142 |    44 ||   186
  Throw: Throwing net      |       |     4 |       |     3 |       ||     7
         Javelin           |       |     1 |     1 |     1 |       ||     3
         Dart              |       |       |       |     2 |       ||     2
Ability: Lunge             |       |       |     4 |    56 |    14 ||    74
         Whirlwind         |       |       |       |   399 |   107 ||   506
  Evoke: Wand              |       |       |     6 |    11 |       ||    17
    Use: Potion            |       |     3 |     1 |     3 |     2 ||     9
         Scroll            |       |     5 |     9 |     9 |       ||    23
   Stab: Sleeping          |     1 |       |       |       |       ||     1
         Held in net/web   |       |       |       |     3 |       ||     3
         Distracted        |       |       |       |     1 |       ||     1
 Armour: Leather armour    |    96 |    18 |       |       |       ||   114
         Chain mail        |       |   100 |    22 |       |       ||   122
         Plate armour      |       |       |   338 |   780 |   123 ||  1241
  Dodge: Dodged            |    98 |   126 |   334 |   914 |   152 ||  1624

Table legend: (Time is in decaauts)
 A = Elapsed time spent in this place.
 B = Non-inter-level travel time spent in this place.
 C = Inter-level travel time spent in this place.
 D = Time resting spent in this place.
 E = Time spent auto-exploring this place.
 F = Levels seen in this place.
 G = Mean time per level.
                   A        B        C        D        E       F      G
               +--------+--------+--------+--------+--------+-----+--------+
         Total |  16663 |  16096 |    567 |   1941 |  10368 |  18 |  925.7 |
       Dungeon |  12402 |  11971 |    431 |   1020 |   8165 |  11 | 1127.5 |
        Temple |     79 |      4 |     75 |      0 |      0 |   1 |   79.0 |
          Lair |   3816 |   3792 |     24 |    803 |   2057 |   4 |  954.0 |
  Orcish Mines |    364 |    328 |     36 |    118 |    145 |   2 |  182.0 |
               +--------+--------+--------+--------+--------+-----+--------+

Top non-repeatable levels by time:
  Lair:2: 2053 daAuts
     D:8: 2052 daAuts
     D:5: 1767 daAuts
     D:9: 1671 daAuts
     D:4: 1163 daAuts
    D:10: 1102 daAuts
     D:6: 1087 daAuts
  Lair:3: 910 daAuts
     D:3: 887 daAuts
  Lair:4: 834 daAuts
     D:7: 829 daAuts
     D:1: 793 daAuts
     D:2: 703 daAuts
   Orc:1: 363 daAuts
    D:11: 342 daAuts
